 Dungeon Crawl Stone Soup version 0.25-a0-63-gbefff83b7c (webtiles) character file.

Game seed: 3592255355613735521, levelgen mode: deterministic

3003 babulya the Cleaver (level 9, -4/70 HPs)
             Began as a Minotaur Fighter on Nov 1, 2019.
             Was a Believer of the Shining One.
             Killed by divine providence
             ... invoked by an orc priest
              (15 damage)
             ... on level 8 of the Dungeon.
             The game lasted 00:35:26 (5407 turns).

babulya the Cleaver (Minotaur Fighter)              Turns: 5407, Time: 00:35:27

Health: -4/70      AC: 16    Str: 26    XL:     9   Next: 54%
Magic:  8/8        EV:  8    Int:  6    God:    the Shining One [**....]
Gold:   337        SH: 12    Dex: 12    Spells: 8/8 levels left

rFire    . . .     SeeInvis +   r - +0 hand axe (freeze)
rCold    . . .     Gourm    .   c - +0 shield
rNeg     + . .     Faith    .   m - +0 plate armour
rPois    .         Spirit   .   (helmet restricted)
rElec    .         Reflect  .   (no cloak)
rCorr    .         Harm     .   (no gloves)
MR       .....                  g - +2 pair of boots
Stlth    ..........             (no amulet)
HPRegen  0.21/turn              s - ring of see invisible
MPRegen  0.11/turn              (no ring)

@: mighty, glowing
A: retaliatory headbutt, horns 2
a: Divine Shield, Renounce Religion


You were on level 8 of the Dungeon.
You worshipped the Shining One.
The Shining One was pleased with you.
You were not hungry.

You visited 1 branch of the dungeon, and saw 8 of its levels.

You collected 337 gold pieces.

Inventory:

Hand Weapons
 a - a +0 war axe
 r - a +0 hand axe of freezing (weapon)
Armour
 c - a +0 shield (worn)
 g - a +2 pair of boots (worn)
 m - a +0 plate armour (worn)
Jewellery
 s - a ring of see invisible (left hand)
Wands
 t - a wand of flame (24)
 u - a wand of paralysis (10)
 v - a wand of polymorph (9)
Scrolls
 i - 2 scrolls of remove curse {unknown}
 j - 3 scrolls of enchant weapon
 k - a scroll of random uselessness {unknown}
 l - a scroll of noise {unknown}
 n - a scroll of fog
 p - 3 scrolls of enchant armour
 q - a scroll of fear
 w - 3 scrolls of identify
 y - a scroll of magic mapping {unknown}
 A - a scroll of amnesia {unknown}
Potions
 b - 2 potions of brilliance
 d - a potion of might
 e - 5 potions of agility
 h - a potion of heal wounds
 o - a potion of berserk rage
 x - a potion of ambrosia {unknown}
 z - a potion of experience {unknown}
Comestibles
 f - 14 rations


   Skills:
 - Level 3.6 Fighting
 * Level 10.7 Axes
 * Level 8.0 Armour
 * Level 4.8 Dodging
 * Level 8.6 Shields


You had 8 spell levels left.
You didn't know any spells.
Your spell library contained the following spells:

 Spells                   Type           Power        Failure   Level  Hunger
 Corona                   Hex            #......      100%        1    ##.....
 Shock                    Conj/Air       #...         100%        1    ##.....
 Poisonous Vapours        Pois/Air       #.....       100%        2    ###....
 Slow                     Hex            #.......     100%        2    ###....
 Swiftness                Chrm/Air       #.......     100%        2    ###....
 Conjure Flame            Conj/Fire      #.......     100%        3    ####...
 Inner Flame              Hex/Fire       #.......     100%        3    ####...
 Mephitic Cloud           Conj/Pois/Air  #.......     100%        3    ####...
 Portal Projectile        Hex/Tloc       #.....       100%        3    ####...
 Static Discharge         Conj/Air       #.......     100%        3    ####...
 Airstrike                Air            #.........   100%        4    #####..
 Cause Fear               Hex            #.........   100%        4    #####..
 Leda's Liquefaction      Hex/Erth       #.........   100%        4    #####..
 Lightning Bolt           Conj/Air       #.........   100%        5    ######.
 Freezing Cloud           Conj/Ice/Air   #.........   100%        6    #######
 Ring of Flames           Chrm/Fire      #.........   100%        7    #######


Dungeon Overview and Level Annotations

Branches:
Dungeon (8/15)             Temple (0/1) D:7
   Lair: D:8-11

Altars:
Hepliaklqana
The Shining One


Innate Abilities, Weirdness & Mutations

You reflexively headbutt those who attack you in melee.
You have a pair of horns on your head.


Message History

The 13-headed hydra bites you but does no damage.
The 13-headed hydra bites you. x2; You block the 13-headed hydra's attack. x3
The 13-headed hydra bites you. The 13-headed hydra closely misses you.
The 13-headed hydra bites you. x2
The 13-headed hydra bites you but does no damage. x2
You block the 13-headed hydra's attack.
An orc priest comes into view. It is wielding a +0 short sword.
The orc priest calls down the wrath of Beogh upon you.
Beogh smites you!
* * * LOW HITPOINT WARNING * * *
Things that are here:
a hound corpse; a howler monkey corpse; a black bear corpse The orc priest calls down the wrath of Beogh upon you.
Beogh smites you!
* * * LOW HITPOINT WARNING * * *
The orc priest looks braver for a moment.
The 13-headed hydra is no longer moving slowly.
The orc priest invokes the aid of Beogh against you.
Beogh smites you!
You die...

..### ##...## .##
###..### . ##
##..<## #.. #
###..#####...
#####.........#
##.........####
#......>....##
#............## ..#
#.....@.......## ..
##.............###.#
#..............#..
##...o.F.......#.#
##........(..#..#
#...........#.##
#.##..........# ##
#.. ##..D.....## .##
#..# ###....###


You could see a 13-headed hydra, a bullfrog and an orc priest.

Vanquished Creatures
  Joseph (D:8)
  A spriggan (D:7)
  An orc warrior (D:7)
  2 sky beasts
  A black bear (D:8)
  An ice beast (D:8)
  5 ogres
  2 phantoms
  A centaur (D:3)
  A bullfrog (D:7)
  A wyvern zombie (D:7)
  A water moccasin zombie (D:5)
  2 scorpions
  2 howler monkeys
  A crimson imp (D:8)
  A quasit (D:5)
  5 orc priests
  A centaur skeleton (D:6)
  3 hounds
  A jelly (D:7)
  5 iguanas
  3 orc wizards
  7 worker ants
  A hound skeleton (D:6)
  A howler monkey zombie (D:6)
  10 adders
  2 adder zombies (D:5)
  5 worms
  2 dart slugs
  6 leopard geckos
  27 orcs
  6 giant cockroaches
  5 goblins
  7 hobgoblins
  2 jackals (D:5)
  A quokka (D:3)
  2 ball pythons
  10 bats
  6 frilled lizards
  A goblin skeleton (D:5)
  A goblin zombie (D:5)
  2 hobgoblin zombies (D:5)
  A jackal skeleton (D:5)
  12 kobolds
  A kobold skeleton (D:5)
  3 kobold zombies (D:5)
  A leopard gecko skeleton (D:5)
  2 leopard gecko zombies (D:5)
  2 orc skeletons (D:5)
  An orc zombie (D:5)
  19 rats
  A bush (D:2)
  A plant (D:2)
190 creatures vanquished.

Notes
Turn   | Place    | Note
-------+----------+-------------------------------------------
     0 | D:1      | babulya the Minotaur Fighter began the quest for the Orb.
     0 | D:1      | Reached XP level 1. HP: 19/19 MP: 0/0
    70 | D:1      | Reached XP level 2. HP: 17/26 MP: 1/1
   449 | D:1      | Reached skill level 3 in Axes
   500 | D:2      | Reached XP level 3. HP: 4/31 MP: 2/2
  1073 | D:2      | Reached skill level 1 in Dodging
  1073 | D:2      | Reached XP level 4. HP: 35/39 MP: 3/3
  1105 | D:2      | Reached skill level 4 in Axes
  1586 | D:3      | Noticed a centaur
  1621 | D:3      | Reached XP level 5. HP: 9/45 MP: 4/4
  1623 | D:3      | Killed a centaur
  1623 | D:3      | Reached skill level 5 in Axes
  1847 | D:3      | Reached skill level 5 in Shields
  2346 | D:4      | Reached XP level 6. HP: 51/51 MP: 5/5
  3088 | D:5      | Entered Level 5 of the Dungeon
  3122 | D:5      | Reached skill level 5 in Armour
  3125 | D:5      | Reached skill level 6 in Axes
  3230 | D:5      | Found a hazy altar of Hepliaklqana.
  3385 | D:5      | Reached XP level 7. HP: 57/57 MP: 6/6
  3387 | D:5      | Found a glowing golden altar of the Shining One.
  3409 | D:5      | Became a worshipper of the Shining One
  3881 | D:6      | Reached skill level 7 in Axes
  4073 | D:6      | Reached XP level 8. HP: 56/64 MP: 7/7
  4074 | D:6      | Reached * piety under the Shining One
  4314 | D:6      | Reached skill level 8 in Axes
  4680 | D:7      | Reached skill level 9 in Axes
  4808 | D:7      | Reached XP level 9. HP: 51/70 MP: 8/8
  4840 | D:7      | Found a staircase to the Ecumenical Temple.
  5045 | D:7      | Reached skill level 10 in Axes
  5216 | D:8      | Noticed Joseph
  5239 | D:8      | Killed Joseph
  5372 | D:8      | Noticed a six-headed hydra
  5372 | D:8      | Reached ** piety under the Shining One
  5407 | D:8      | Killed from afar by an orc priest

Levels and vault maps discovered:
D:1:      dpeg_arrival_tiny_a, layout_basic
D:2:      layout_loops_ring, first_ration, lexackson_kobold_supper
D:3:      layout_basic, minmay_misc_feat_four_crosses,
          kennysheep_generic_room_15
D:4:      layout_basic
D:5:      layout_loops_ring, kennysheep_little_box,
          nicolae_tso_besieged_by_evil, nicolae_overflow_hidden_temple
D:6:      layout_basic, hangedman_decor_peaks_small, kennysheep_cluttered_room
D:7:      layout_loops_cross, minmay_temple_entry_overgrown, the_bakery
D:8:      minmay_the_grid_four_pointed_star
          [minmay_the_grid_triangle_9x9_skeleton,
          minmay_the_grid_triangle_9x9_fully_insulated_deathbox,
          minmay_the_grid_triangle_9x9_tough_junction,
          minmay_the_grid_triangle_9x9_sparse_checkered,
          minmay_the_grid_prize_four_corners_diamond_b], layout_cave_pods,
          slow_altar_2, erik_lair_orcish_takeover, uniq_joseph, uniq_maurice,
          uniq_psyche

Skill      XL: |  1  2  3  4  5  6  7  8  9 |
---------------+----------------------------+-----
Armour         | 4 5 6 7 8 |  8.0
Shields        | 4 5 6 7 8 |  8.6
Axes           | 3 4 5 6 7 9 10 | 10.7
Dodging        | 1 2 3 4 |  4.8
Fighting       | |  3.6

Action                   |  1- 3 |  4- 6 |  7- 9 || total
-------------------------+-------+-------+-------++-------
Melee: War axe           |   121 |   144 |       ||   265
       Headbutt          |    15 |    46 |    58 ||   119
       Hand axe          |       |    89 |   297 ||   386
  Use: Potion            |     4 |       |     3 ||     7
       Scroll            |     3 |     7 |     3 ||    13
  Eat: Ration            |     1 |     1 |     2 ||     4
       Chunk             |       |     1 |     2 ||     3
Armor: Chain mail        |    34 |       |       ||    34
       Plate armour      |    43 |    95 |   167 ||   305
       Skin              |     7 |       |       ||     7
Dodge: Dodged            |    34 |    33 |    63 ||   130
Block: Shield            |    71 |   104 |   149 ||   324

Table legend:
 A = Non-vault XP
 B = Vault XP
 C = Vault XP percentage of total XP
 D = Non-vault monster count
 E = Vault monster count
 F = Vault count percentage of total count
                 A         B        C        D         E       F
            +---------+---------+-------+---------+---------+-------
      Total |    3249 |    1041 |  24.3 |     162 |      26 |  13.8
            +---------+---------+-------+---------+---------+-------
        D:1 |      33 |       0 |   0.0 |      22 |       0 |   0.0
        D:2 |      84 |      13 |  13.4 |      24 |       8 |  25.0
        D:3 |     221 |       0 |   0.0 |      32 |       0 |   0.0
        D:4 |     114 |       0 |   0.0 |       8 |       0 |   0.0
        D:5 |     514 |      57 |  10.0 |      27 |      12 |  30.8
        D:6 |    1141 |       0 |   0.0 |      23 |       0 |   0.0
        D:7 |     932 |     229 |  19.7 |      23 |       1 |   4.2
        D:8 |     210 |     742 |  77.9 |       3 |       5 |  62.5
            +---------+---------+-------+---------+---------+-------
